 Dungeon Crawl Stone Soup version 0.22.1-1-ga44c0e5 (webtiles) character file.

480 whitewolfNL the Slasher (level 7, 0/60 HPs)
             Began as a Hill Orc Fighter on Sept 25, 2018.
             Slain by an ogre
             ... wielding a +0 giant club
              (27 damage)
             ... on level 4 of the Dungeon.
             The game lasted 00:21:58 (4869 turns).

whitewolfNL the Slasher (Hill Orc Fighter)          Turns: 4869, Time: 00:21:58

Health: 0/60       AC:  0    Str: 24    XL:     7   Next: 11%
Magic:  7/7        EV:  9    Int:  8    God:
Gold:   146        SH:  9    Dex: 11    Spells: 6/6 levels left

rFire    . . .     SeeInvis .   a - +0 long sword
rCold    . . .     Gourm    .   c - +0 shield
rNeg     . . .     Faith    .   (no armour)
rPois    .         Spirit   .   (no helmet)
rElec    .         Reflect  .   (no cloak)
rCorr    .         Harm     .   (no gloves)
MR       .....                  (no boots)
Stlth    +.........             (no amulet)
HPRegen  0.20/turn              k - +4 ring of strength
MPRegen  0.10/turn              (no ring)

@: lethally poisoned (0 -> 0)
A: no striking features
a: no special abilities


You were on level 4 of the Dungeon.
You were not hungry.

You visited 1 branch of the dungeon, and saw 4 of its levels.

You collected 146 gold pieces.

Inventory:

Hand Weapons
 a - a +0 long sword (weapon)
 b - a +1 antimagic dagger
Missiles
 d - 46 bolts
 e - 26 sling bullets
 i - 114 stones (quivered)
 t - 29 arrows
Armour
 c - a +0 shield (worn)
 r - a +0 chain mail
Jewellery
 k - a +4 ring of strength (left hand)
Scrolls
 h - 2 scrolls of remove curse {unknown}
 j - 4 scrolls of identify {unknown}
 n - 2 scrolls of random uselessness {unknown}
 u - a scroll of noise {unknown}
 v - a scroll of immolation {unknown}
Potions
 g - a potion of curing {unknown}
 m - a potion of resistance {unknown}
 p - a potion of cancellation {unknown}
 q - a potion of heal wounds
Comestibles
 f - 4 rations


   Skills:
 + Level 4.6 Fighting
 * Level 6.4 Long Blades
 + Level 4.7 Armour
 + Level 1.4 Dodging
 + Level 0.1 Stealth
 - Level 3.2 Shields
 - Level 0.2 Spellcasting


You had 6 spell levels left.
You didn't know any spells.
Your spell library was empty.

Dungeon Overview and Level Annotations

Branches:
Dungeon (4/15)
 Temple: D:4-7

Altars:
Elyvilon
Kikubaaqudgha
Uskayaw
Xom


Message History

You feel sick.
You feel sick.
You feel sick.
You feel sick.
You feel sick. You block the ogre's attack.
You feel sick.
You feel sick.
You hit the ogre but do no damage.
You feel sick. The ogre hits you with a giant club!!
* * * LOW HITPOINT WARNING * * *
You hit the ogre but do no damage. The ogre barely misses you.
You hit the ogre.
The ogre is lightly wounded.
The ogre hits you with a giant club.
* * * LOW HITPOINT WARNING * * *
You barely miss the ogre.
The ogre is lightly wounded.
It was a potion of heal wounds.
You feel much better.
You feel sick. The ogre hits you with a giant club!!
You die...

############# #............
##############################
##...#...#.#...#...#.###.......
#.#..#..#...#..#..#....#.......
#..#.#.#.....#.#.#...#.#.......
#...###.......###....#.........
#............O@................
####.....###......[###.....####
#....#.#.#.....#.#.#......##
#...#..#..#...#..#..#.......
#..#...#...#.#...#...#..#...
#.####################..####
#.# ...... #.##########
..#.#### #........... .......


You could see an ogre.

Vanquished Creatures
  Grinder (D:3)
  A centaur (D:3)
  Jessica (D:2)
  Terence (D:2)
  A worker ant (D:4)
  6 adders
  4 worms
  2 leopard geckos (D:2)
  An orc (D:3)
  10 bats
  6 giant cockroaches
  4 goblins
  7 hobgoblins
  11 jackals
  2 quokkas
  2 ball pythons
  4 frilled lizards
  6 kobolds
  9 rats
79 creatures vanquished.

Notes
Turn   | Place    | Note
-------+----------+-------------------------------------------
     0 | D:1      | whitewolfNL the Hill Orc Fighter began the quest for the
                  | Orb.
     0 | D:1      | Reached XP level 1. HP: 19/19 MP: 1/1
   214 | D:1      | Reached XP level 2. HP: 23/27 MP: 2/2
   743 | D:1      | You fall through a shaft!
   743 | D:2      | Noticed Terence
   766 | D:2      | Reached skill level 3 in Long Blades
   766 | D:2      | Reached XP level 3. HP: 8/33 MP: 3/3
   777 | D:2      | Killed Terence
  1127 | D:2      | Reached XP level 4. HP: 40/40 MP: 4/4
  1778 | D:1      | Reached skill level 4 in Long Blades
  2027 | D:2      | Noticed Jessica
  2031 | D:2      | Killed Jessica
  2189 | D:2      | Reached XP level 5. HP: 44/46 MP: 5/5
  2482 | D:2      | Found an ancient bone altar of Kikubaaqudgha.
  2622 | D:2      | Found a faded altar of an unknown god.
  3429 | D:3      | Found a shimmering altar of Xom.
  3519 | D:3      | Noticed Grinder
  3534 | D:3      | Killed Grinder
  3534 | D:3      | Reached skill level 5 in Long Blades
  3534 | D:3      | Reached skill level 1 in Dodging
  3534 | D:3      | Reached XP level 6. HP: 11/53 MP: 6/6
  3919 | D:3      | Reached skill level 6 in Long Blades
  4005 | D:3      | Reached XP level 7. HP: 60/60 MP: 7/7
  4029 | D:3      | Found a hide-covered altar of Uskayaw.
  4050 | D:3      | Found a white marble altar of Elyvilon.
  4867 | D:4      | HP: 2/60 [ogre/giant club (5)]
  4869 | D:4      | Slain by an ogre

Skill      XL: |  1  2  3  4  5  6 |
---------------+-------------------+-----
Fighting       | 4 |  4.6
Long Blades    | 3 4 5 6 |  6.4
Armour         | 4 |  4.7
Dodging        | 1 |  1.4
Stealth        | |  0.1
Shields        | |  3.2
Spellcasting   | |  0.2

Action                   |  1- 3 |  4- 6 |  7- 9 || total
-------------------------+-------+-------+-------++-------
Melee: Long sword        |    94 |   151 |    29 ||   274
  Use: Potion            |     1 |       |     1 ||     2
  Eat: Ration            |     1 |     2 |     1 ||     4
       Chunk             |       |     1 |     1 ||     2
Armor: Scale mail        |    50 |    73 |     5 ||   128
Dodge: Dodged            |    42 |    53 |    10 ||   105
Block: Shield            |    61 |    86 |     8 ||   155
       Rpst.: Long sword |    14 |    19 |     5 ||    38
